 Dungeon Crawl Stone Soup version 0.30-a0-389-g8d7d949f56 (webtiles) character file.

Game seed: 1879092662799346262

16267 karrick the Blocker (level 12, -12/75 HPs)
             Began as a Gargoyle Fighter on Dec 3, 2022.
             Was a High Priest of Okawaru.
             Mangled by a culicivora (shapeshifter) (16 damage)
             ... in a Gauntlet.
             The game lasted 00:28:40 (11393 turns).

karrick the Blocker (Gargoyle Fighter)             Turns: 11393, Time: 00:28:40

Health: -12/75     AC: 24    Str: 25    XL:     12   Next: 35%
Magic:  14/18      EV: 13    Int: 11    God:    Okawaru [*****.]
Gold:   750        SH: 13    Dex: 13    Spells: 11/11 levels left

rFire   . . .      SeeInvis +    h - +7 broad axe (vamp)
rCold   . . .      Faith    .    c - +0 buckler
rNeg    + . .      Spirit   .    V - +0 acid dragon scales
rPois   ∞          Reflect  +    o - +0 helmet
rElec   +          Harm     .    R - +0 cloak
rCorr   +          Rampage  .    i - +0 pair of gloves
Will    .....      NoTele   +    F - +0 pair of boots
Stlth   +++.......               u - amulet of reflection
HPRegen 0.32/turn                O - +6 ring of strength
MPRegen 0.16/turn                e - ring of see invisible

@: heroic, finesse-ful, studying 2 skills
A: sickness immunity, AC +8, negative energy resistance 1, electricity
resistance, torment resistance 1, petrification resistance
a: Renounce Religion, Heroism, Finesse, Duel


You were in a Gauntlet.
You worshipped Okawaru.
Okawaru was extremely pleased with you.
You visited 3 branches of the dungeon, and saw 14 of its levels.
You also visited: Bailey and Gauntlet.

You collected 750 gold pieces.

Inventory:

Hand Weapons
 a - a +1 vorpal flail
 h - a +7 vampiric broad axe (weapon)
 p - a +2 broad axe
 z - a +4 vorpal dire flail
 U - the +9 great sword "Killer Bee's Peril" {flame, rPois rC+ Int+6 Stlth-}
   (You found it on level 9 of the Dungeon)

   It burns those it strikes, dealing additional fire damage.
   Big, fiery blades are also staple armaments of hydra-hunters.
   Int:       It affects your intelligence (+6).
   rC:        It protects you from cold.
   rPois:     It protects you from poison.
   Stlth:     It makes you less stealthy.
Missiles
 G - 10 javelins (quivered)
 L - 8 boomerangs
Armour
 b - a +0 scale mail
 c - a +0 buckler (worn)
 i - a +0 pair of gloves (worn)
 o - a +0 helmet (worn)
 D - +0 steam dragon scales
 F - a +0 pair of boots (worn)
 H - a +1 ring mail of fire resistance
 R - a +0 cloak (worn)
 V - +0 acid dragon scales (worn)
Jewellery
 e - a ring of see invisible (right hand)
 u - an amulet of reflection (around neck)
 K - a ring of ice
 O - a +6 ring of strength (left hand)
 W - an amulet of magic regeneration
 X - an amulet of faith
Wands
 t - a wand of light (4)
 w - a wand of flame (28)
 E - a wand of iceblast (7)
Scrolls
 d - 2 scrolls of noise {unknown}
 f - 2 scrolls of brand weapon
 n - 3 scrolls of blinking
 r - 4 scrolls of vulnerability {unknown}
 s - 2 scrolls of fear {unknown}
 y - 3 scrolls of enchant armour {unknown}
 A - 8 scrolls of teleportation {unknown}
 B - a scroll of immolation {unknown}
 N - 3 scrolls of butterflies
 P - a scroll of acquirement
 T - a scroll of poison
 Y - a scroll of amnesia {unknown}
Potions
 k - 6 potions of haste
 l - 4 potions of curing
 m - 2 potions of ambrosia {unknown}
 q - a potion of invisibility {unknown}
 x - 2 potions of mutation {unknown}
 C - 3 potions of attraction {unknown}
 I - 2 potions of magic {unknown}
 Q - 5 potions of flight {unknown}
Miscellaneous
 J - a piece from Xom's chessboard (15/15)
 S - a tin of tremorstones (2/2)


   Skills:
 + Level 8.6(13.6) Fighting
 + Level 9.7(16.1) Axes
 + Level 9.6(16.6) Maces & Flails
 + Level 6.8(11.8) Armour
 + Level 3.2(8.2) Stealth
 + Level 10.1(15.1) Shields
 * Level 9.0 Invocations
 + Level 1.1 Evocations


You had 11 spell levels left.
You didn't know any spells.
Your spell library contained the following spells:

 Spells                   Type           Power      Damage    Failure   Level
 Freeze                   Ice            0%         1d3       43%         1
 Kiss of Death            Conj/Necr      0%         2d5       43%         1
 Shock                    Conj/Air       0%         1d3       43%         1
 Confusing Touch          Hex            0%         N/A       82%         3
 Frozen Ramparts          Ice            0%         1d1       82%         3
 Hailstorm                Conj/Ice       0%         3d3       82%         3
 Swiftness                Air            0%         N/A       82%         3
 Airstrike                Air            0%         2d(0-16)  99%         4
 Dispel Undead            Necr           0%         3d6       99%         4
 Yara's Violent Unravell  Hex/Tmut       0%         3d3       100%        5
 Enfeeble                 Hex            0%         N/A       100%        7
 Animate Dead             Necr           Unusable   N/A       N/A         4
 Haunt                    Necr/Summ      Unusable   N/A       N/A         7
 Infestation              Necr           Unusable   N/A       N/A         8

Dungeon Overview and Level Annotations

Branches:
Dungeon (12/15)            Temple (1/1) D:7            Lair (0/5) D:11
    Orc (1/2) D:9          Bailey (visited)         Gauntlet (1/1)

Altars:
Ashenzari
Cheibriados
Dithmenos
Elyvilon
Fedhas
Gozag
Hepliaklqana
Kikubaaqudgha
Makhleb
Nemelex Xobeh
Okawaru
Qazlal
Ru
Sif Muna
Trog
Uskayaw
Vehumet
Wu Jian
Xom
Yredelemnul
Zin
The Shining One

Shops:
D:6 *   D:11 (

Portals:
Trove: D:10 (give 5 scrolls of blinking)

Annotations:
D:6 Dowan, Duvessa
D:11 Erolcha Gauntlet 9 transporters, exclusion: ice statue


Innate Abilities, Weirdness & Mutations

You are immune to sickness and miasma.
Your stone body is resilient. (AC +8)
You are immune to poison.
You resist negative energy. (rN+)
You are resistant to electric shocks. (rElec)
You are resistant to unholy torment.
You are immune to petrification.


Message History

You closely miss the storm dragon.
The storm dragon is severely wounded.
The storm dragon misses you. You block the storm dragon's attack.
The storm dragon tramples you but does no damage.
Unknown command.
You hit the storm dragon but do no damage.
The storm dragon is severely wounded.
Unknown command.
You hit the storm dragon.
You feel better.
The storm dragon is severely wounded.
You block the storm dragon's attack. The storm dragon barely misses you.
The storm dragon misses you.
Unknown command.
You barely miss the storm dragon.
The storm dragon is severely wounded.
Unknown command.
You hit the storm dragon.
You feel better.
The storm dragon is severely wounded.
The storm dragon bites you!
* * * LOW HITPOINT WARNING * * *
The storm dragon claws you but does no damage.
You block the storm dragon's attack.
Unknown command.
Okay, then.
You slice the storm dragon!!
The storm dragon is almost dead.
You barely miss the storm dragon.
The storm dragon is almost dead.
The storm dragon bites you!
* * * LOW HITPOINT WARNING * * *
The storm dragon barely misses you. You block the storm dragon's attack.
Unknown command.
You hit the storm dragon.
You feel better.
You kill the storm dragon!
Okawaru is honoured by your kill.
Your Invocations skill increases to level 9!
It was a potion of curing.
You feel better. The culicivora bites you.
* * * LOW HITPOINT WARNING * * *
The culicivora bites you!
You die...

##≈....#©..8#.⌠.#.8.#
#≈≈.#########.8.#.©..
##≈.#...©#..#...#.8.#
##.#.##.#..#...#.©.#
##≈.#.##.#..#.8.#.8.#
#≈≈.#....#..#.∩.#.©.#
##≈.###G''..#.8.#.8.#
##.#!s#.#..#...#.©.#
##≈.#@.#©#..#...#.8.#
#≈≈.#########.8.#.©..
##≈....#©..8#.⌠.#.8.#
##..8.#...©#.8.#....
##≈....#©..8#...#...#
#≈≈.#########...#≈≈≈#
##≈.##3.#.#.#..###≈##
##.#.##.#.##.## ##
##≈.##..##.##.≈##


You could see a culicivora shaped shifter, a sixfirhy and a floating eye.

Vanquished Creatures
  A storm dragon (shapeshifter) (Gauntlet)
  An orc warlord (Bailey)
  Harold (D:11)
  A two-headed ogre (D:11)
  An orc knight (Bailey)
  Pikel (D:5)
  An oklob plant (Gauntlet)
  An orc sorcerer (Orc:1)
  An ugly thing (D:11)
  2 cyclopes (D:11)
  Maurice (D:9)
  Joseph (D:7)
  2 rime drakes (Gauntlet)
  Maggie (D:6)
  A komodo dragon (D:11)
  An unseen horror (D:12)
  2 trolls (D:11)
  A hornet (D:9)
  Prince Ribbit (D:6)
  2 shadows
  2 wyverns (D:9)
  A wraith (D:9)
  A yak (D:11)
  2 steam dragons
  Edmund (D:6)
  4 vampire mosquitoes (D:11)
  2 acid dragons
  5 water moccasins
  An ice beast (D:5)
  3 black bears
  4 orc warriors
  2 sky beasts
  4 ogres
  10 centaurs
  5 kobold brigands
  7 bullfrogs
  A gnoll sergeant (D:5)
  A necrophage (D:5)
  6 scorpions
  7 wights (D:10)
  8 killer bees
  4 howler monkeys
  5 jellies
  3 hounds
  A gnoll bouda (D:7)
  4 orc priests
  8 iguanas
  3 orc wizards
  9 gnolls
  10 adders
  3 shadow imps
  2 white imps
  2 ufetubi (D:5)
  3 worms (D:3)
  A dart slug (D:3)
  39 orcs
  6 ball pythons
  4 bats
  9 endoplasms
  2 giant cockroaches
  17 goblins
  9 hobgoblins
  2 jackals (D:5)
  31 kobolds
  A quokka (D:3)
  A frilled lizard (D:1)
  10 rats
290 creatures vanquished.

Vanquished Creatures (others)
  44 fungi (D:11)
  80 plants
124 creatures vanquished.

Grand Total: 414 creatures vanquished

Notes
Turn   | Place    | Note
-------+----------+-------------------------------------------
     0 | D:1      | karrick the Gargoyle Fighter began the quest for the Orb.
     0 | D:1      | Reached XP level 1. HP: 14/14 MP: 1/1
   179 | D:1      | Found a faded altar of an unknown god.
   231 | D:1      | Reached XP level 2. HP: 15/19 MP: 2/2
   622 | D:1      | Reached XP level 3. HP: 22/23 MP: 3/3
  1247 | D:2      | Reached XP level 4. HP: 29/29 MP: 4/4
  1874 | D:3      | Reached XP level 5. HP: 33/33 MP: 5/5
  2001 | D:3      | Found a snail-covered altar of Cheibriados.
  2104 | D:3      | Found an ancient bone altar of Kikubaaqudgha.
  2114 | D:3      | Found a shimmering altar of Xom.
  2117 | D:3      | Found a broken altar of Ashenzari.
  2430 | D:3      | Found a shimmering blue altar of Sif Muna.
  2686 | D:4      | Found a glowing golden altar of the Shining One.
  2713 | D:4      | Reached XP level 6. HP: 37/38 MP: 6/6
  3210 | D:4      | HP: 1/38 [ogre/+0 giant spiked club (6)]
  3217 | D:4      | Reached skill level 5 in Maces & Flails
  3217 | D:4      | Reached skill level 4 in Shields
  3534 | D:5      | Entered Level 5 of the Dungeon
  3536 | D:5      | Noticed a black bear
  3578 | D:5      | Killed a black bear
  3579 | D:5      | Reached skill level 5 in Armour
  3579 | D:5      | Reached XP level 7. HP: 43/44 MP: 7/7
  3707 | D:5      | Noticed Pikel
  3731 | D:5      | Killed Pikel
  3732 | D:5      | Reached skill level 5 in Shields
  3732 | D:5      | Reached XP level 8. HP: 21/48 MP: 8/8
  3998 | D:5      | Reached skill level 5 in Fighting
  4178 | D:5      | Reached skill level 6 in Shields
  4769 | D:5      | Reached XP level 9. HP: 54/54 MP: 9/9
  5281 | D:6      | Found Feme Nuj's Evil Emporium.
  5286 | D:6      | Noticed Maggie
  5290 | D:6      | Noticed Duvessa
  5290 | D:6      | Noticed Dowan
  5532 | D:6      | Found an opulent altar of Gozag.
  5658 | D:6      | Reached skill level 7 in Shields
  5778 | D:6      | Noticed Edmund
  5799 | D:6      | Killed Edmund
  5881 | D:7      | Noticed Joseph
  5937 | D:6      | Killed Maggie
  6232 | D:6      | Reached skill level 1 in Stealth
  6331 | D:7      | Killed Joseph
  6332 | D:7      | Reached skill level 1 in Axes
  6417 | D:7      | Reached XP level 10. HP: 43/60 MP: 10/10
  6484 | D:7      | Found a basalt altar of Yredelemnul.
  6528 | D:7      | Found a staircase to the Ecumenical Temple.
  6549 | D:7      | Found a bloodstained altar of Trog.
  6567 | Temple   | Entered the Ecumenical Temple
  6586 | Temple   | Became a worshipper of Warmaster Okawaru
  6700 | D:7      | Found a glowing silver altar of Zin.
  6858 | D:7      | Found a blossoming altar of Fedhas.
  6927 | D:6      | Noticed Prince Ribbit
  6930 | D:6      | Killed Prince Ribbit
  7438 | D:8      | Reached skill level 8 in Shields
  7704 | D:8      | Reached skill level 1 in Invocations
  7740 | D:8      | Reached * piety under Okawaru
  7882 | D:8      | Found an ornate altar of the Wu Jian Council.
  8248 | D:9      | Reached skill level 5 in Axes
  8250 | D:9      | Found a staircase to the Orcish Mines.
  8260 | D:9      | Found a flagged portal.
  8334 | Bailey   | Entered a bailey
  8339 | Bailey   | Noticed an orc warlord
  8410 | Bailey   | Noticed an orc knight
  8436 | Bailey   | Killed an orc knight
  8436 | Bailey   | Reached ** piety under Okawaru
  8515 | Bailey   | Found a runed translucent gate.
  8516 | Bailey   | Found a runed translucent gate.
  8517 | Bailey   | Found a runed translucent gate.
  8629 | Bailey   | Acquired a manual of Necromancy
  8676 | Bailey   | Killed an orc warlord
  8677 | Bailey   | Reached XP level 11. HP: 47/67 MP: 12/14
  8904 | D:9      | Reached skill level 5 in Invocations
  9029 | D:9      | Noticed Maurice
  9045 | D:9      | Killed Maurice
  9130 | D:9      | Reached *** piety under Okawaru
  9314 | D:9      | Identified the +9 great sword "Killer Bee's Peril" {flame,
                  | rPois rC+ Int+6 Stlth-}
  9488 | Orc:1    | Entered Level 1 of the Orcish Mines
  9488 | Orc:1    | Noticed an orc sorcerer
  9493 | Orc:1    | Killed an orc sorcerer
  9516 | D:10     | Entered Level 10 of the Dungeon
  9662 | D:10     | Reached skill level 1 in Evocations
  9721 | D:10     | Found a portal to a secret trove of treasure.
 10096 | D:10     | Found a hide-covered altar of Uskayaw.
 10202 | D:10     | Found a burning altar of Makhleb.
 10418 | D:11     | Noticed Harold
 10441 | D:11     | Killed Harold
 10441 | D:11     | Reached **** piety under Okawaru
 10442 | D:11     | Reached skill level 9 in Shields
 10445 | D:11     | Noticed a cyclops
 10468 | D:11     | Killed a cyclops
 10479 | D:11     | Found a staircase to the Lair.
 10504 | D:11     | Reached ***** piety under Okawaru
 10585 | D:11     | Noticed a cyclops
 10585 | D:11     | Noticed a red ugly thing
 10600 | D:11     | Killed a red ugly thing
 10608 | D:11     | Killed a cyclops
 10609 | D:11     | Reached XP level 12. HP: 74/74 MP: 15/18
 10640 | D:11     | Found Defaicva's Weapon Emporium.
 10717 | D:11     | Noticed a two-headed ogre
 10726 | D:11     | Killed a two-headed ogre
 10726 | D:11     | Received a gift from Okawaru
 10760 | D:11     | Noticed Erolcha
 10880 | D:12     | Found a gate leading to a gauntlet.
 10924 | Gauntlet | Entered a Gauntlet
 10924 | Gauntlet | Found a transporter.
 10927 | Gauntlet | Found a transporter.
 10931 | Gauntlet | Found a transporter.
 10937 | Gauntlet | Found a transporter.
 10944 | Gauntlet | Found a transporter.
 10948 | Gauntlet | Found a transporter.
 10954 | Gauntlet | Found a transporter.
 10957 | Gauntlet | Found a runed translucent gate.
 10957 | Gauntlet | Found a transporter.
 10958 | Gauntlet | Found a runed translucent gate.
 10959 | Gauntlet | Found a runed translucent gate.
 10961 | Gauntlet | Found a transporter.
 10969 | Gauntlet | Found a transporter.
 10969 | Gauntlet | Found the ring of the Mage {Wiz Archmagi}
 10973 | Gauntlet | Found a transporter.
 10980 | Gauntlet | Noticed a thrashing horror
 10982 | Gauntlet | Found a transporter.
 11002 | Gauntlet | Found a transporter.
 11014 | Gauntlet | Found a transporter.
 11159 | Gauntlet | Reached skill level 10 in Shields
 11212 | Gauntlet | Noticed a broodmother
 11235 | Gauntlet | a broodmother changed into a fire dragon
 11235 | Gauntlet | Noticed a fire dragon (shapeshifter)
 11302 | Gauntlet | Noticed a ghost moth
 11339 | Gauntlet | a moth of wrath changed into a shock serpent
 11339 | Gauntlet | Noticed a shock serpent (shapeshifter)
 11341 | Gauntlet | Noticed a quicksilver ooze
 11346 | Gauntlet | a yaktaur changed into an entropy weaver
 11346 | Gauntlet | Noticed an entropy weaver (shapeshifter)
 11347 | Gauntlet | Noticed a storm dragon
 11355 | Gauntlet | an entropy weaver changed into a culicivora
 11370 | Gauntlet | Paralysed by a floating eye for 3 turns
 11380 | Gauntlet | Paralysed by a floating eye for 3 turns
 11391 | Gauntlet | HP: 2/75 [storm dragon (shapeshifter) (10)]
 11392 | Gauntlet | Killed a storm dragon
 11393 | Gauntlet | Mangled by a culicivora (shapeshifter)

Illustrated notes

Levels and vault maps discovered:
D:1:      dpeg_arrival_boxorama, layout_loops_ring,
          shapermc_ecumenical_altar_petra
D:2:      layout_rooms, serial_bayou, serial_bayou_pond_e,
          serial_bayou_lagoon_a, serial_bayou_pond_d, serial_bayou_lake_a,
          serial_bayou_pond_d, serial_bayou_pond_d, skrybe_limestone_x
D:3:      layout_basic, kennysheep_orc_sif_temple,
          mainiacjoe_overflow_small_starburst, minmay_overflow_temple_star_quad
D:4:      layout_gridville, tso_metal_star
D:5:      minmay_octagon_keep, layout_basic, grunt_ministairs_11, uniq_pikel
D:6:      layout_loops_corners, nicolae_overflow_hidden_temple,
          nicolae_evil_shop, uniq_edmund, uniq_duvessa, uniq_maggie,
          uniq_prince_ribbit1
D:7:      layout_rooms, zin_academy, mainiacjoe_overflow_paths,
          trog_butcher_becter, kennysheep_mini, minmay_temple_entry_slanted,
          uniq_joseph
D:8:      layout_gridville, nzn_wu_jian_council_hall,
          chequers_serial_rivers_marsh, grunt_ministairs_12,
          hellmonk_bongcloud_opening
D:9:      layout_loops_corners, orc_0_dummy, enter_bailey_3, uniq_maurice
D:10:     layout_irregular_city, nicolae_uskayaw_murder_on_the_dancefloor,
          nicolae_overflow_crystal_walls, nicolae_trove_entry_columns
D:11:     layout_roguey, due_lair_maze_entry_diamond, serial_shops, shop,
          uniq_harold, uniq_erolcha
D:12:     layout_cave_pools, serial_shops, shop, gauntlet_entry_generic,
          grunt_ministairs_7
Temple:   hellmonk_temple_two_chambers
Orc:1:    layout_caves, serial_shops, nicolae_shop_overgrown_old_shop
Gauntlet: gammafunk_gauntlet_77_escape_option
          [minmay_gauntlet_arena_77_block_sizes,
          minmay_gauntlet_arena_77_two_lines,
          minmay_gauntlet_arena_77_run_for_it, minmay_gauntlet_arena_77_mess,
          minmay_gauntlet_arena_77_fan, nicolae_gauntlet_exit_dead_adventurers]

Skill      XL: |  1  2  3  4  5  6  7  8  9 10 11 12 |
---------------+-------------------------------------+-----
Maces & Flails | 3 4 5 6 8 9 |  9.6
Armour         | 4 5 6 |  6.8
Fighting       | 4 5 6 7 8 |  8.6
Shields        | 4 5 6 7 8 9 10 | 10.1
Stealth        | 1 3 |  3.2
Axes           | 1 6 8 9 |  9.7
Invocations    | 4 8 9 |  9.0
Evocations     | 1 |  1.1

Action                   |  1- 3 |  4- 6 |  7- 9 | 10-12 || total
-------------------------+-------+-------+-------+-------++-------
Melee: Flail             |   108 |   208 |   298 |       ||   614
       Broad axe         |       |       |    36 |   433 ||   469
Throw: Throwing net      |       |       |       |     1 ||     1
Invok: Heroism           |       |       |       |     8 ||     8
       Finesse           |       |       |       |     1 ||     1
Evoke: Wand              |       |       |       |     8 ||     8
  Use: Potion            |       |     5 |     2 |     2 ||     9
       Scroll            |       |       |    12 |     6 ||    18
 Stab: Sleeping          |       |       |       |     6 ||     6
       Distracted        |       |       |       |     1 ||     1
Armor: Scale mail        |    51 |    83 |   118 |       ||   252
       Steam dragon scal |       |       |     9 |   180 ||   189
       Skin              |       |       |     3 |       ||     3
       Acid dragon scale |       |       |       |    37 ||    37
Dodge: Dodged            |    46 |    66 |   113 |   223 ||   448
Block: Buckler           |    22 |    67 |   162 |   297 ||   548
       Reflection        |       |     1 |     3 |    12 ||    16
       Other             |       |       |       |     1 ||     1

Table legend: (Time is in decaauts)
 A = Elapsed time spent in this place.
 B = Non-inter-level travel time spent in this place.
 C = Inter-level travel time spent in this place.
 D = Time resting spent in this place.
 E = Time spent auto-exploring this place.
 F = Levels seen in this place.
 G = Mean time per level.
                   A        B        C        D        E       F      G
               +--------+--------+--------+--------+--------+-----+--------+
         Total |  11655 |  11133 |    522 |    151 |   7857 |  16 |  728.4 |
       Dungeon |  10774 |  10257 |    517 |      0 |   7746 |  12 |  897.8 |
        Temple |     25 |     20 |      5 |      0 |     11 |   1 |   25.0 |
  Orcish Mines |      9 |      9 |      0 |      0 |      0 |   1 |    9.0 |
        Bailey |    392 |    392 |      0 |      0 |    100 |   1 |  392.0 |
      Gauntlet |    454 |    454 |      0 |    151 |      0 |   1 |  454.0 |
               +--------+--------+--------+--------+--------+-----+--------+

Top non-repeatable levels by time:
     D:5: 1673 daAuts
     D:6: 1272 daAuts
     D:3: 1106 daAuts
     D:7: 975 daAuts
     D:1: 972 daAuts
     D:9: 957 daAuts
    D:10: 862 daAuts
     D:4: 856 daAuts
     D:8: 783 daAuts
     D:2: 761 daAuts
    D:11: 464 daAuts
Gauntlet: 454 daAuts
  Bailey: 392 daAuts
    D:12: 87 daAuts
  Temple: 25 daAuts
